 Dungeon Crawl Stone Soup version 0.21.1-1-g345015f (webtiles) character file.

3447 Mgcat the Fighter (level 9, -3/118 HPs)
             Began as a Demonspawn Berserker on Mar 8, 2018.
             Was a High Priest of Trog.
             Slain by a two-headed ogre
             ... wielding a cursed -1 giant spiked club
              (20 damage)
             ... on level 8 of the Dungeon.
             The game lasted 00:15:21 (6578 turns).

Mgcat the Fighter (Demonspawn Berserker)            Turns: 6578, Time: 00:15:22

Health: -3/118     AC: 12    Str: 26    XL:     9   Next: 77%
Magic:  0/9        EV:  8    Int: 13    God:    Trog [*****.]
Gold:   360        SH:  4    Dex: 14    Spells: 8/8 levels left

rFire    . . .     SeeInvis .   v - +4 mace "Worm" {crush, *Contam +Inv +Fly Int+4}
rCold    . . .     Gourm    .   b - +1 buckler
rNeg     . . .     Faith    .   n - +1 chain mail
rPois    .         Spirit   +   D - +1 hat
rElec    .         Reflect  .   p - scarf {Spirit}
rCorr    +         Harm     .   l - +1 pair of gloves
MR       .....                  (no boots)
Stlth    ..........             h - amulet of guardian spirit {Spirit}
HPRegen  0.29/turn              z - ring of resist corrosion
MPRegen  0.11/turn              (no ring)

@: berserking, very quick
A: claws 1, thin skeletal structure 1, demonic guardian 1, powered by pain 2
a: Berserk, Trog's Hand, Brothers in Arms, Burn Spellbooks, Renounce Religion,
Evoke Invisibility, Evoke Flight


You were on level 8 of the Dungeon.
You worshipped Trog.
Trog was extremely pleased with you.
You were hungry.

You visited 1 branch of the dungeon, and saw 8 of its levels.

You collected 360 gold pieces.

Inventory:

Hand Weapons
 a - a +1 hand axe
 o - a +0 battleaxe
   (You found it on level 4 of the Dungeon)
 v - the +4 mace "Worm" (weapon) {crush, *Contam +Inv +Fly Int+4}
   (You found it on level 5 of the Dungeon)

   It inflicts extra damage upon your enemies.
   It affects your intelligence (+4).
   It lets you turn invisible.
   It lets you fly.
   It causes magical contamination when unequipped.
 x - a +0 war axe
   (You took it off an orc on level 6 of the Dungeon)
Armour
 b - a +1 buckler (worn)
   (You found it on level 2 of the Dungeon)
 l - a +1 pair of gloves (worn)
   (You found it on level 5 of the Dungeon)
 n - a +1 chain mail (worn)
   (You found it on level 2 of the Dungeon)
 p - a scarf of spirit shield (worn)
   (You found it on level 2 of the Dungeon)
 y - a +0 plate armour
   (You took it off an orc warrior on level 6 of the Dungeon)
 D - a +1 hat (worn)
   (You found it on level 7 of the Dungeon)
Jewellery
 h - an amulet of guardian spirit (around neck) {Spirit}
   (You found it on level 4 of the Dungeon)
 z - a ring of resist corrosion (left hand)
   (You found it on level 6 of the Dungeon)
Wands
 A - a wand of paralysis (7)
   (You found it on level 7 of the Dungeon)
 F - a wand of enslavement (12)
   (You found it on level 8 of the Dungeon)
Scrolls
 e - a scroll of blinking {!r}
 g - 3 scrolls of enchant armour
 m - 2 scrolls of identify
 r - a scroll of enchant weapon
 t - 2 scrolls of remove curse
 w - a scroll of magic mapping {!r}
 C - a scroll of fear
Potions
 d - a potion of flight
 f - 2 potions of curing
 i - a potion of brilliance
 j - 2 potions of invisibility
 k - 3 potions of heal wounds
 q - a potion of magic
 s - 3 potions of lignification {unknown}
 u - a potion of might
 E - a potion of mutation {unknown}
Comestibles
 c - 8 rations


   Skills:
 + Level 10.3 Fighting
 + Level 9.5 Axes
 - Level 1.7 Armour
 - Level 1.7 Dodging


You had 8 spell levels left.
You didn't know any spells.

Dungeon Overview and Level Annotations

Branches:
Dungeon (8/15)             Temple (0/1) D:6
   Lair: D:8-11

Altars:
Ashenzari
Elyvilon
Hepliaklqana
Okawaru
Qazlal
Trog
Yredelemnul
Zin
The Shining One

Shops:
D:5 !

Annotations:
D:4 2 transporters, 1 runed door
D:8 4 runed doors, Erica


Innate Abilities, Weirdness & Mutations

You have sharp fingernails.
You have a somewhat thin skeletal structure. (Dex +2, Stealth)
A weak demonic guardian rushes to your aid.
You sometimes gain power by taking damage.


Message History

The bullfrog hits you but does no damage.
Erica the Fiery-Tempered comes into view.
She is wielding a scimitar of flaming.
Erica shouts!
You sock the bullfrog!
The bullfrog is heavily wounded.
The bullfrog hits you but does no damage. x2
You barely miss the bullfrog.
The bullfrog is heavily wounded.
The bullfrog misses you.
You sock the bullfrog!
You kill the bullfrog!
Trog accepts your kill.
Erica mumbles some strange words.
Erica flickers and vanishes!
Deactivating autopickup; reactivate with Ctrl-A.
You hit the ogre.
The ogre is lightly wounded.
The ogre hits you but does no damage.
You sock the ogre!
The ogre is severely wounded.
The ogre barely misses you.
You hit the ogre.
The ogre is severely wounded.
You block the ogre's attack.
Your shield and chain mail prevent you from hitting the ogre.
The ogre is severely wounded.
The ogre hits you with a giant spiked club!
You hit the ogre.
The ogre is almost dead.
Your quasit disappears in a puff of smoke!
You sock the ogre!
You kill the ogre!
Trog accepts your kill.
You sock the shadow imp!
You kill the shadow imp!
Trog accepts your kill. Something hits you but does no damage.
No target in view!
No target in view!
No target in view!
No target in view!
No target in view!
No target in view!
You hit something.
You hear some strange, mumbled words.
An orb of energy appears from out of thin air!
The orb of energy hits you!
The orb of energy explodes!
The mystic blast hits your quasit.
Your quasit dies!
Your chain mail prevents you from hitting something.
Something hits you but does no damage.
You thump something! Something hits you. Something burns you.
You miss something.
You hear some strange, mumbled words.
You are confused.
You bump into the rock wall.
Something hits you but does no damage.
You hit something. Something hits you but does no damage.
You miss something. Something hits you but does no damage.
You hit something.
You feel less confused. Something hits you. Something burns you.
You closely miss something. Something hits you. Something burns you.
You hit something. Something completely misses you.
You completely miss something.
You hear some strange, mumbled words.
A bolt of poison appears from out of thin air!
The bolt of poison hits you!
You are poisoned.
You focus on the pain.
You feel your power returning.
You barely miss something.
You feel sick. Something hits you but does no damage.
As you read the scroll of teleportation, it crumbles to dust.
You feel strangely unstable.
You feel sick. Something hits you but does no damage.
Your chain mail prevents you from hitting something.
You feel sick.
You hear some strange, mumbled words.
You are confused.
Your surroundings suddenly seem different.
A two-headed ogre comes into view.
It is wielding a giant spiked club and a giant club.
The two-headed ogre shouts in stereo!
The two-headed ogre hits you with a giant spiked club!
* * * LOW HITPOINT WARNING * * *
The two-headed ogre hits you with a giant club.
* * * LOW HITPOINT WARNING * * *
You're too confused!
You're too confused!
Unknown command.
Unknown command.
You feel better.
The two-headed ogre hits you with a giant spiked club!!
* * * LOW HITPOINT WARNING * * *
The two-headed ogre hits you but does no damage.
A red film seems to cover your vision as you go berserk!
You feel yourself moving faster!
You feel mighty!
You are feeling hungry.
You hit the two-headed ogre.
The two-headed ogre is lightly wounded.
The two-headed ogre hits you with a giant spiked club!!
You die...

.### ...# #.............. ...#
#.............. ...
#....."....... [. #...........#
)# #...........# .#######
#........5..# ......>#
#.....O.....# .......#
#......@....# .......#
############# .......# #######
.......# #.....# .......#
###.....#
.......######.......#############
.................................
.############.....###############
.# #.....# #


You could see a two-headed ogre and a friendly iron imp.

Vanquished Creatures
  A two-headed ogre (D:8)
  A hippogriff (D:8)
  The ghost of troglodite the Skirmisher, an amateur DsBe of Trog (D:4)
  A black bear (D:6)
  An orc warrior (D:6)
  4 phantoms
  A centaur (D:7)
  4 ogres
  4 bullfrogs
  2 scorpions
  5 crimson imps
  A bullfrog zombie (D:5)
  A howler monkey (D:6)
  6 hounds
  4 orc priests
  A centaur skeleton (D:5)
  A jelly (D:8)
  6 orc wizards
  5 worker ants
  7 adders
  9 gnolls
  3 shadow imps
  An adder zombie (D:5)
  A worm (D:2)
  3 dart slugs
  A leopard gecko (D:1)
  23 orcs
  8 bats
  5 giant cockroaches
  5 goblins
  13 hobgoblins
  2 jackals (D:8)
  5 kobolds
  2 quokkas
  8 frilled lizards
  A leopard gecko skeleton (D:4)
  A quokka skeleton (D:4)
  8 rats
  A spectral orc (D:5)
157 creatures vanquished.

Vanquished Creatures (collateral kills)
  A phantom (D:4)
  An ogre (D:7)
  A water moccasin zombie (D:7)
  A hound (D:6)
  A bullfrog skeleton (D:4)
  A gnoll (D:6)
  2 orcs
  2 jackals (D:8)
  A quokka zombie (D:7)
11 creatures vanquished.

Grand Total: 168 creatures vanquished

Notes
Turn   | Place    | Note
-------+----------+-------------------------------------------
     0 | D:1      | Mgcat the Demonspawn Berserker began the quest for the Orb.
     0 | D:1      | Reached XP level 1. HP: 18/18 MP: 1/1
   174 | D:1      | Reached skill level 3 in Axes
   174 | D:1      | Gained mutation: You sometimes gain a little power by taking damage. [demonic ancestry]
   174 | D:1      | Reached XP level 2. HP: 18/24 MP: 2/2
   852 | D:2      | Reached XP level 3. HP: 21/29 MP: 3/3
   996 | D:2      | Reached ** piety under Trog
  1494 | D:2      | Reached skill level 4 in Fighting
  1494 | D:2      | Gained mutation: You sometimes gain power by taking damage. [demonic ancestry]
  1494 | D:2      | Reached XP level 4. HP: 28/37 MP: 2/4
  1514 | D:2      | HP: 9/37 [poisoned by a worker ant]
  2099 | D:3      | Reached skill level 4 in Axes
  2128 | D:3      | Noticed an ogre
  2129 | D:3      | Found a stormy altar of Qazlal.
  2138 | D:3      | Killed an ogre
  2138 | D:3      | Gained mutation: You have sharp fingernails. [demonic ancestry]
  2138 | D:3      | Reached XP level 5. HP: 43/43 MP: 5/5
  2349 | D:3      | Noticed a phantom
  2453 | D:3      | Reached skill level 5 in Fighting
  2478 | D:3      | Killed a phantom
  2478 | D:3      | Gained mutation: A weak demonic guardian rushes to your aid. [demonic ancestry]
  2478 | D:3      | Reached XP level 6. HP: 37/51 MP: 3/6
  2893 | D:4      | Found a transporter.
  2904 | D:4      | Reached skill level 5 in Axes
  3081 | D:4      | HP: 12/51 [phantom (3)]
  3100 | D:4      | HP: 12/51 [phantom (3)]
  3341 | D:4      | Reached skill level 6 in Fighting
  3341 | D:4      | Reached XP level 7. HP: 55/58 MP: 7/7
  3385 | D:4      | Reached *** piety under Trog
  3574 | D:4      | Noticed troglodite's ghost (amateur DsBe)
  3590 | D:4      | Killed troglodite's ghost
  3646 | D:4      | Found a transporter.
  3756 | D:4      | Reached skill level 6 in Axes
  3934 | D:4      | Found a runed door.
  4151 | D:5      | Entered Level 5 of the Dungeon
  4270 | D:5      | Found Misyavatt's Distillery.
  4384 | D:5      | Reached skill level 7 in Fighting
  4537 | D:5      | Found a white marble altar of Elyvilon.
  4548 | D:5      | Gained mutation: You have a somewhat thin skeletal structure. (Dex +2, Stealth) [demonic ancestry]
  4548 | D:5      | Reached XP level 8. HP: 67/67 MP: 6/8
  4565 | D:5      | Got an encrusted mace
  4566 | D:5      | Identified the +4 mace "Worm" {crush, *Contam +Inv +Fly Int+4} (You found it on level 5 of the Dungeon)
  4824 | D:5      | Found a basalt altar of Yredelemnul.
  4916 | D:6      | Reached skill level 7 in Axes
  5011 | D:6      | Reached **** piety under Trog
  5024 | D:6      | Found a staircase to the Ecumenical Temple.
  5046 | D:6      | Reached skill level 8 in Fighting
  5451 | D:6      | Found a bloodstained altar of Trog.
  5546 | D:7      | Reached skill level 8 in Axes
  5629 | D:7      | Reached XP level 9. HP: 75/75 MP: 9/9
  5669 | D:7      | Reached skill level 9 in Fighting
  5923 | D:7      | Reached ***** piety under Trog
  5986 | D:7      | Found an iron altar of Okawaru.
  6241 | D:7      | Found a hazy altar of Hepliaklqana.
  6242 | D:7      | Found a glowing golden altar of the Shining One.
  6243 | D:7      | Found a glowing silver altar of Zin.
  6244 | D:7      | Found a shattered altar of Ashenzari.
  6290 | D:8      | Noticed a two-headed ogre
  6300 | D:8      | Killed a two-headed ogre
  6300 | D:8      | Reached skill level 10 in Fighting
  6300 | D:8      | Reached skill level 9 in Axes
  6513 | D:8      | Found a huge runed gate.
  6513 | D:8      | Found a huge runed gate.
  6513 | D:8      | Found a huge runed gate.
  6513 | D:8      | Found a huge runed gate.
  6513 | D:8      | Noticed a manticore
  6514 | D:8      | Noticed a polar bear
  6514 | D:8      | Noticed a polar bear
  6515 | D:8      | Noticed a manticore
  6517 | D:8      | Noticed a polar bear
  6519 | D:8      | Noticed a polar bear
  6520 | D:8      | Noticed a polar bear
  6523 | D:8      | Noticed a polar bear
  6548 | D:8      | Noticed Erica
  6575 | D:8      | Noticed a two-headed ogre
  6575 | D:8      | HP: 19/79 [two-headed ogre/giant spiked club (4)]
  6578 | D:8      | Slain by a two-headed ogre

Skill      XL: |  1  2  3  4  5  6  7  8  9 |
---------------+----------------------------+-----
Axes           | 3 4 5 6 8 9 |  9.5
Fighting       | 4 5 6 7 8 10 | 10.3
Armour         | |  1.7
Dodging        | |  1.7

Action                   |  1- 3 |  4- 6 |  7- 9 || total
-------------------------+-------+-------+-------++-------
Melee: Hand axe          |   104 |   129 |   114 ||   347
       Mace              |       |       |   213 ||   213
Throw: Stone             |       |     9 |       ||     9
Invok: Berserk           |     1 |     6 |     7 ||    14
       Burn Spellbooks   |       |       |     1 ||     1
  Use: Scroll            |     1 |    10 |     9 ||    20
       Potion            |       |       |     1 ||     1
 Stab: Distracted        |     1 |       |     2 ||     3
       Sleeping          |     1 |       |       ||     1
  Eat: Chunk             |     2 |     8 |    14 ||    24
       Ration            |       |     1 |     1 ||     2
Armor: Animal skin       |    11 |       |       ||    11
       Chain mail        |    21 |    90 |   145 ||   256
Dodge: Dodged            |    52 |    38 |   113 ||   203
Block: Buckler           |       |    27 |    62 ||    89

Vault maps used:
D:1:      matt_arrival_spirals
D:3:      old_standard_altar, minmay_goblin_outpost
D:4:      gammafunk_cloud_chamber, st_stairs_1, hangedman_decor_points,
          uniq_crazy_yiuf_cottage
D:5:      yredelemnul_forgotten_temple_becter, lemuel_crystal_altar,
          nicolae_overflow_hidden_temple, first_ration, serial_shops, shop
D:6:      lightli_temple_of_fire, minmay_temple_entry_overgrown
D:7:      minitemple, okawaru_altar_gauntlet_db
D:8:      lemuel_bear_cage, uniq_erica

Table legend:
 A = Turns spent in this place as a percentage of turns spent in the entire game.
 B = Non-inter-level travel turns spent in this place as a percentage of non-inter-level travel turns spent in the entire game.
 C = Inter-level travel turns spent in this place as a percentage of turns spent in this place.
 D = Turns resting spent in this place as a percentage of non-inter-level travel turns spent in this place.
 E = Turns spent auto-exploring this place as a percentage of non-inter-level travel turns spent in this place.
 F = Non-inter-level travel turns spent in this place divided by the number of levels of this place that you've seen.
                   A       B       C       D       E      F
               +-------+-------+-------+-------+-------+----------------------
         Total | 100.0 | 100.0 |   4.5 |   8.2 |  71.0 | 785.0
       Dungeon | 100.0 | 100.0 |   4.5 |   8.2 |  71.0 | 785.0
               +-------+-------+-------+-------+-------+----------------------

Table legend:
 A = Kills in this place as a percentage of kills in entire the game.
 B = Kills by you in this place as a percentage of kills by you in the entire game.
 C = Kills by friends in this place as a percentage of kills by friends in the entire game.
 D = Other kills in this place as a percentage of other kills in the entire game.
 E = Experience gained in this place as a percentage of experience gained in the entire game.
 F = Experience gained in this place divided by the number of levels of this place that you have seen.
                   A       B       C       D       E      F
               +-------+-------+-------+-------+-------+----------------------
         Total | 100.0 | 100.0 | 100.0 |   N/A | 100.0 | 615.6
       Dungeon | 100.0 | 100.0 | 100.0 |   N/A | 100.0 | 615.6
               +-------+-------+-------+-------+-------+----------------------
